 Dungeon Crawl Stone Soup version 0.22-a0-567-gff9aefc (webtiles) character file.

25 vierth the Covered (level 2, -1/27 HPs)
             Began as a Minotaur Fighter on June 29, 2018.
             Slain by a sky beast (5 damage)
             ... on level 2 of the Dungeon.
             The game lasted 00:02:22 (501 turns).

vierth the Covered (Minotaur Fighter)                Turns: 501, Time: 00:02:23

Health: -1/27      AC:  7    Str: 20    XL:     2   Next: 86%
Magic:  1/1        EV:  7    Int:  5    God:
Gold:   29         SH:  9    Dex:  9    Spells: 1/1 levels left

rFire    . . .     SeeInvis .   a - +0 war axe
rCold    . . .     Gourm    .   c - +0 shield
rNeg     . . .     Faith    .   b - +0 scale mail
rPois    .         Spirit   .   (helmet restricted)
rElec    .         Reflect  .   (no cloak)
rCorr    .         Harm     .   (no gloves)
MR       .....                  (no boots)
Stlth    ..........             (no amulet)
HPRegen  0.09/turn              (no ring)
MPRegen  0.07/turn              (no ring)

@: no status effects
A: retaliatory headbutt, horns 2
a: no special abilities


You were on level 2 of the Dungeon.
You were not hungry.

You visited 1 branch of the dungeon, and saw 2 of its levels.

You collected 29 gold pieces.

Inventory:

Hand Weapons
 a - a +0 war axe (weapon)
Armour
 b - a +0 scale mail (worn)
 c - a +0 shield (worn)
Scrolls
 e - a scroll of teleportation
 g - 3 scrolls of remove curse
 h - a scroll of fog {unknown}
 k - a scroll of amnesia
Potions
 d - a potion of might
 j - 2 potions of curing
Comestibles
 f - 3 rations


   Skills:
 + Level 3.8 Fighting
 * Level 3.1 Axes
 * Level 4.1 Armour
 + Level 3.9 Shields


You had one spell level left.
You didn't know any spells.
Your spell library was empty.

Dungeon Overview and Level Annotations

Branches:
Dungeon (2/15)

Altars:


Innate Abilities, Weirdness & Mutations

You reflexively headbutt those who attack you in melee.
You have a pair of horns on your head.


Message History

A sky beast appears from thin air!
Reactivating autopickup.
You block the sky beast's attack.
Your shield prevents you from hitting the sky beast.
The sky beast hits you but does no damage.
You barely miss the sky beast.
The sky beast hits you but does no damage.
The sky beast hits you. The sky beast shocks you.
* * * LOW HITPOINT WARNING * * *
You miss the sky beast.
The sky beast hits you but does no damage.
You closely miss the sky beast. You headbutt the sky beast!
The sky beast is moderately wounded.
You block the sky beast's attack.
Your shield prevents you from hitting the sky beast.
The sky beast is moderately wounded.
You block the sky beast's attack. The sky beast hits you.
* * * LOW HITPOINT WARNING * * *
The sky beast shocks you.
You die...

#.<.) .........# #....
.........# #....
.........# #....
[........ #....
......... ##...
........## #### #....
.......≈.###..# #....
.......@Y.....######....
.........####.....##....
.........# ##)..........
.........# #........#...
........## #.#....#.##..
.$....... #.#....#.####
........# ..##...#..
######... ... #..####.
... ... .... #.


You could see a sky beast.

Vanquished Creatures
  An adder (D:2)
  A dart slug (D:1)
  2 bats (D:1)
  A giant cockroach (D:1)
  A goblin (D:2)
  2 hobgoblins (D:1)
  A frilled lizard (D:1)
  3 kobolds (D:1)
  2 rats (D:1)
14 creatures vanquished.

Notes
Turn   | Place    | Note
-------+----------+-------------------------------------------
     0 | D:1      | vierth the Minotaur Fighter began the quest for the Orb.
     0 | D:1      | Reached XP level 1. HP: 19/19 MP: 0/0
   151 | D:1      | Reached XP level 2. HP: 26/27 MP: 1/1
   223 | D:1      | Reached skill level 4 in Armour
   486 | D:2      | Noticed a sky beast
   501 | D:2      | Slain by a sky beast

Vault maps used:
D:1:      nicolae_arrival_memento_mori
D:2:      first_ration, trog_butcher_becter, uniq_terence

Skill      XL: |  1  2 |
---------------+-------+-----
Armour         | 4 |  4.1
Axes           | 3 |  3.1
Fighting       | |  3.8
Shields        | |  3.9

Action                   || total
-------------------------++-------
Melee: War axe           ||    32
       Headbutt          ||     7
  Use: Scroll            ||     5
Armor: Scale mail        ||    21
Dodge: Dodged            ||     7
Block: Shield            ||    14

Table legend:
 A = Spawn XP
 B = Non-spawn XP
 C = Spawn XP percentage of total XP
 D = Spawn monster count
 E = Non-spawn monster count
 F = Spawn count percentage of total count
 G = Total turns spent on level
                    A         B        C        D         E        F      G
               +---------+---------+-------+---------+---------+-------+---------
         Total |       0 |      37 |   0.0 |       0 |      14 |   0.0 |   501
               +---------+---------+-------+---------+---------+-------+---------
           D:1 |       0 |      21 |   0.0 |       0 |      12 |   0.0 |   456
           D:2 |       0 |      16 |   0.0 |       0 |       2 |   0.0 |    45
               +---------+---------+-------+---------+---------+-------+---------
